[Event "*** Titled Tuesday Blitz"]
[Site "Chess.com"]
[Date "2019.02.05"]
[Round "5"]
[White "fm_magua"]
[Black "WPWPWP-2015"]
[Result "0-1"]
[WhiteElo "2390"]
[BlackElo "2324"]
[TimeControl "180+2"]
[EndTime "14:08:41 PST"]
[Termination "WPWPWP-2015 won by resignation"]

1. e4 e5 2. Nf3 Nc6 3. Bb5 Nf6 4. O-O Nxe4 5. d4 Nd6 6. Bxc6 dxc6 7. dxe5 Nf5 8.
Qxd8+ Kxd8 9. b3 a5 10. Ba3 c5 11. Nbd2 b6 12. Rad1 Bb7 13. Rfe1 Be7 14. e6 f6 15. Nc4+ Ke8 16. Bb2 Nd6 17. Ne3 a4 18. Nd5 Bxd5 19.
Rxd5 axb3 20. axb3 Ra2 21. Rb1 c4 22. Nd4 h5 23.
Nc6 c3 24. Bc1 h4 25. h3 g6 26. Be3 Rh5 27. Rxh5 gxh5 28. Nb4 Ra5 29. Rd1 Re5 30.
Bd4 Rxe6 31. Bxc3 Ne4 32. Be1 c5 33. Nd5 Bd8 34. Nf4 Re5 35. f3 Ng3 36. Bc3 Rf5 37. Ne6 Ne2+ 38. Kf2 Nxc3 39. Rxd8+ Ke7 40. Rd3 Ne4+ 41.
Ke3 Kxe6 42. Kxe4 Rg5 43. Rd2 b5 44. c4 b4 45. Ra2 Re5+ 46. Kd3 Rg5 47. Ke3 Kf5 48. Kf2 Rg8 49. Rd2 Kf4 50. Re2 f5 51. Rd2 Ra8 52. Rb2 Ra1 53. Rd2 Rb1 54. Rd3 Rb2+ 55.
Kf1 Kg3 56. Rd5 Rxb3 57. Rxc5 Rb1+ 58. Ke2 Rb2+ 59. Kd3 f4 60. Rxh5 Kxg2 61. Rxh4 Kxf3 62. c5 Rb1 63. c6 Rc1 64. Rh5 b3 65. Rb5 Rxc6 66.
Rxb3 Re6 67. h4 Re3+ 68. Kc2 Rxb3 69. Kxb3 Kg4 70. Kc2 f3 71. Kd2 Kg3 72. h5 f2 73.
h6 f1=Q 0-1

[Event "*** Titled Tuesday Blitz"]
[Site "Chess.com"]
[Date "2019.02.05"]
[Round "5"]
[White "Frolik67"]
[Black "Lion_DL"]
[Result "1/2-1/2"]
[WhiteElo "2529"]
[BlackElo "2406"]
[TimeControl "180+2"]
[EndTime "14:08:49 PST"]
[Termination "Game drawn - insufficient material"]

1. e4 Nc6 2. d4 d5 3. exd5 Qxd5 4. Be3 e5 5. Nf3 Bg4 6. Be2 O-O-O 7. Nc3 Bb4 8. O-O Bxc3 9. bxc3 Nf6 10. c4 Qe4 11. d5 Bxf3 12. gxf3 Qh4 13. Rb1 Nd4 14. Bxd4 exd4 15.
Qd3 Rd6 16. Kh1 Re8 17. Rb5 b6 18. c5 Rxd5 19. cxb6 axb6 20. Rxd5 Nxd5 21. Qf5+ Kb8 22. Bb5 Rd8 23. Qxf7 Qh3 24. Re1 Nf6 25. Bf1 Qxf3+ 26.
Kg1 Qg4+ 27. Bg2 h5 28. Qe7 Re8 29. Qxe8+ Nxe8 30. Rxe8+ Qc8 31. Rxc8+ Kxc8 32. Be4 Kd7 33. h4 Kd6 34. Bg6 Kc5 35. Bxh5 Kc4 36. Bf7+ Kc3 37. Bb3 c5 38. f4 b5 39. Bd5 Kxc2 40. f5 d3 41. h5 c4 42. f6 gxf6 43. h6 d2 44. Bf3 Kb1 45. h7 c3 46. h8=Q c2 47.
Qh7 Kb2 48. Qd3 c1=Q+ 49. Kh2 Qc4 50. Qxd2+ Ka3 51. Kg3 Qxa2 52. Qa5+ Kb2 53. Qxb5+ Qb3 54. Qe2+ Qc2 55. Qe6 Qc7+ 56. Kg2 Qc2+ 57. Kh3 Qh7+ 58. Kg3 Qg6+ 59. Kf2 Qc2+ 60. Be2 Qc5+ 61. Kf1 Qc1+ 62. Kg2 Qg5+ 63. Kf3 Qh5+ 64. Kf2 Qh4+ 65. Kg1 Qg3+ 66. Kf1 Qf4+ 67. Ke1 Qc1+ 68. Bd1 Qc3+ 69. Ke2 Qe5+ 70.
Qxe5+ fxe5 71. Kd3 e4+ 72. Ke3 Kc1 73. Be2 Kb2 74. Bg4 Kc1 75. Bf5 Kb2 76. Bxe4 1/2-1/2

[Event "*** Titled Tuesday Blitz"]
[Site "Chess.com"]
[Date "2019.02.05"]
[Round "5"]
[White "volcanoexplorer"]
[Black "RaphaeI"]
[Result "1/2-1/2"]
[WhiteElo "2366"]
[BlackElo "2572"]
[TimeControl "180+2"]
[EndTime "14:08:58 PST"]
[Termination "Game drawn by repetition"]

1. e4 c5 2. Nf3 Nc6 3. d4 cxd4 4.
Nxd4 Nf6 5. Nc3 e5 6. Ndb5 d6 7.
Bg5 a6 8. Na3 b5 9. Nd5 Be7 10.
Bxf6 Bxf6 11. c3 Bg5 12. Nc2 Rb8 13. Bd3 O-O 14. h4 Bh6 15. g3 a5 16. a3 Be6 17.
Nce3 Bxe3 18. Nxe3 b4 19. axb4 axb4 20. Ra6 Rb6 21. O-O bxc3 22. bxc3 Rxa6 23. Bxa6 Qb6 24. Bc4 Rd8 25. Qd3 Qc5 26. Bd5 Ne7 27. c4 Nc6 28. Rb1 Qd4 29. Qc2 Ne7 30. Rd1 Qc5 31. Qa4 Bxd5 32.
cxd5 Rc8 33. Rb1 Qc7 34. Qa6 Rb8 35. Ra1 g6 36. Nc4 Nc8 37. Kg2 Rb4 38. Nd2 Rb2 39. Qd3 Qc5 40. Ra3 Nb6 41. Rc3 Qd4 42. Qxd4 exd4 43. Rd3 Rb4 44. Nf3 Na4 45. Rxd4 Rxd4 46. Nxd4 Nc3 47. Kf3 Kg7 48. Nc2 Kf6 49. Ne3 Ke7 50.
Nc4 f5 51. exf5 gxf5 52. Kf4 Kf6 53. Nxd6 Nxd5+ 54. Kf3 h5 55. Nc4 Nc3 56. Ne3 Ne4 57.
Nd5+ Kg6 58. Nf4+ Kh6 59. Nh3 Kg6 60. Nf4+ Kh6 61. Nd3 Kg6 62. Kf4 Kf6 63. f3 Nc3 64. Nb4 Ne2+ 65. Ke3 Nxg3 66. Nd5+ Ke5 67. Ne7 f4+ 68.
Kf2 Nf5 69. Nxf5 Kxf5 70. Ke2 Ke5 71. Kd3 Kd5 72. Kc3 Kc5 73. Kd3 Kd5 74. Kc3 Kc5 75.
Kd3 Kd5 76. Kc3 1/2-1/2

[Event "*** Titled Tuesday Blitz"]
[Site "Chess.com"]
[Date "2019.02.05"]
[Round "5"]
[White "Karina_Oparina"]
[Black "Zufi1811"]
[Result "0-1"]
[WhiteElo "2187"]
[BlackElo "2347"]
[TimeControl "180+2"]
[EndTime "14:08:59 PST"]
[Termination "Zufi1811 won on time"]

1. Nf3 d5 2. g3 g6 3. Bg2 Bg7 4. O-O e5 5. d3 Ne7 6. c4 Nbc6 7. cxd5 Nxd5 8. Nc3 Nde7 9. a4 O-O 10. a5 a6 11.
Nd2 Rb8 12. Nc4 Be6 13. b3 h6 14. Bb2 Nd4 15. e3 Ndc6 16. Ne4 Bd5 17. Qe2 f5 18. Nc3 Bxg2 19. Kxg2 f4 20. gxf4 exf4 21. exf4 Rxf4 22.
Qe6+ Kh7 23. Rad1 Nd4 24. Qe3 Nd5 25. Nxd5 Qxd5+ 26. f3 Rbf8 27. Nd2 Qg5+ 28. Kh1 Nf5 29. Qe2 Rh4 30. Ne4 Qf4 31. Bxg7 Nxg7 32. Qd2 Qf7 33. Qc3 Nh5 34. Rc1 c6 35. Qb2 Rf4 36. Qe2 Qf5 37. Qd2 Qh3 38. Qg2 Qh4 39. Qf2 Qxf2 40.
Rxf2 Rxf3 41. Rxf3 Rxf3 42. Nc5 Rf7 43. Re1 Nf4 44. Rf1 g5 45. Kg1 Kg6 46. Rf3 Re7 47.
Kf2 Re2+ 48. Kg1 Rg2+ 49. Kf1 Rxh2 50. Nxb7 Kf5 51. Nd8 g4 52. Re3 h5 53. Nxc6 h4 54.
Nd4+ Kf6 55. Re4 Kg5 56. Re5+ Kg6 57. Re4 Nxd3 58. Rxg4+ Kh5 59. Rg2 Rh1+ 60. Rg1 Rh3 61. Ne6 Re3 0-1

[Event "*** Titled Tuesday Blitz"]
[Site "Chess.com"]
[Date "2019.02.05"]
[Round "5"]
[White "NemtsevIgor"]
[Black "Supelyel"]
[Result "0-1"]
[WhiteElo "2292"]
[BlackElo "2331"]
[TimeControl "180+2"]
[EndTime "14:08:59 PST"]
[Termination "Supelyel won by checkmate"]

1. d4 Nf6 2. Nc3 d6 3. e4 Nbd7 4. Nf3 e5 5. Bc4 h6 6. O-O Be7 7. Re1 O-O 8. a4 a5 9. b3 c6 10. Bb2 Re8 11. Qd2 Qc7 12. Rad1 Nb6 13. Bf1 Bg4 14. Be2 Bxf3 15. Bxf3 Rad8 16. Ne2 d5 17. exd5 e4 18. dxc6 exf3 19. Ng3 Qxc6 20. c4 Bb4 21. Bc3 Rxe1+ 22. Rxe1 fxg2 23. Bxb4 axb4 24. d5 Qc5 25. Nf5 Re8 26. Rxe8+ Nxe8 27. Qf4 Nd7 28. Kxg2 Kf8 29. Nd4 Nef6 30. Nb5 g6 31. a5 Kg7 32. h3 Nxd5 33. cxd5 Qxb5 34. d6 Qxa5 35. Qd4+ Nf6 36.
d7 Qd8 37. Qd6 g5 38. Kg1 Qxd7 39. Qxb4 Qc6 40. Qd4 Qd5 41. Qb6 h5 42. Qb4 g4 43.
h4 Qf3 44. Qc5 Ne4 45. Qd4+ Kg6 46. Qb6+ f6 47. b4 g3 48. fxg3 Qxg3+ 49. Kf1 Qh3+ 50. Ke2 Qxh4 51. Qxb7 Qh2+ 52. Ke3 Ng5 53. Qc8 Qe5+ 54.
Kd3 Qe4+ 55. Kc3 Ne6 56. Qg8+ Kf5 57. Qh7+ Kf4 58. Qxh5 Qd4+ 59. Kb3 f5 60. b5 Nc5+ 61. Kc2 Qd3+ 62. Kb2 Qxb5+ 63. Kc3 Ne4+ 64. Kc2 Qc4+ 65. Kb2 Qc3+ 66. Ka2 Qf3 67. Qh6+ Kg3 68. Qg7+ Kf2 69.
Qd4+ Qe3 70. Qe5 f4 71. Qh5 f3 72. Qh4+ Ke2 73. Qg4 Kd2 74. Qd7+ Qd3 75. Qf5 Nc3+ 76. Ka1 Qxf5 77. Kb2 Qb5+ 78. Ka3 Qa4+ 79. Kb2 Qa2# 0-1

[Event "*** Titled Tuesday Blitz"]
[Site "Chess.com"]
[Date "2019.02.05"]
[Round "5"]
[White "Revnov"]
[Black "wenx95"]
[Result "1-0"]
[WhiteElo "2782"]
[BlackElo "2510"]
[TimeControl "180+2"]
[EndTime "14:09:13 PST"]
[Termination "Revnov won by checkmate"]

1. e4 c5 2. Nf3 Nc6 3. d4 cxd4 4. Nxd4 Nf6 5. Nc3 e5 6. Ndb5 d6 7. Bg5 a6 8. Na3 b5 9. Nd5 Be7 10. Bxf6 Bxf6 11. c3 Ne7 12. Nxe7 Qxe7 13. Be2 Bb7 14. Bf3 Bg5 15. Nc2 O-O 16. O-O Qd7 17. Qd3 Be7 18.
Rfd1 Rfd8 19. Ne3 Rab8 20. a3 g6 21. g3 Bc6 22. h4 h5 23. Bg2 Kg7 24. Rd2 Qb7 25.
Rad1 a5 26. Nc2 Rd7 27. Qe2 Rf8 28. Ne3 b4 29. axb4 axb4 30. Nd5 Bxd5 31. Rxd5 bxc3 32.
bxc3 Rc7 33. c4 Qb4 34. Bf1 Rfc8 35. Rb5 Qa4 36. Qd2 Qa8 37. Bd3 Ra7 38. Rb2 Bd8 39. Rdb1 Ba5 40. Qe2 Bc3 41. Rc2 Bd4 42. Kg2 Ra3 43. Rd1 Rc7 44. Rdc1 Rca7 45. c5 Bxc5 46. Bc4 Bd4 47. Bd5 Qd8 48. Rc8 Qf6 49. R1c7 Rxc7 50.
Rxc7 Ra7 51. Rc2 Bc5 52. Rc3 Qe7 53. Rf3 Qe8 54. Qc2 Re7 55. Qc4 Qf8 56. Qb5 Kg8 57.
Rd3 Kg7 58. Rd2 Kg8 59. Ra2 Ra7 60. Rb2 Kg7 61. Rb3 Qe7 62. Rf3 Qd8 63. Qc4 Qe8 64.
Qc2 Qe7 65. Qe2 Ra3 66. Rxa3 Bxa3 67. Qf3 Bc5 68. Qb3 Qc7 69. Bc4 Bb6 70. Qd3 Qc5 71. Qe2 f6 72. Bd5 Qd4 73. Qc2 Bc5 74. Qa2 Kh6 75.
Qe2 g5 76. Qf3 Kg6 77. Qf5+ Kg7 78. hxg5 fxg5 79. Qxg5+ Kh7 80. Qf5+ Kg7 81. Qg5+ Kh7 82. Qxh5+ Kg7 83. Qf7+ Kh6 84. Qf6+ Kh7 85. Qf5+ Kg7 86. Qf7+ Kh6 87. Qf8+ Kh7 88. Bg8+ Kg6 89. Qf5+ Kg7 90. Qf7+ Kh6 91. Qh7+ Kg5 92. Qg7+ Kh5 93. Bf7# 1-0

[Event "*** Titled Tuesday Blitz"]
[Site "Chess.com"]
[Date "2019.02.05"]
[Round "5"]
[White "Thefirstchess"]
[Black "masrahi"]
[Result "1-0"]
[WhiteElo "2005"]
[BlackElo "1852"]
[TimeControl "180+2"]
[EndTime "14:09:21 PST"]
[Termination "Thefirstchess won by checkmate"]

1. c4 e5 2. Nc3 Nc6 3. g3 f5 4. Bg2 Bb4 5. d3 Bxc3+ 6. bxc3 Nf6 7. e3 d6 8. Ne2 O-O 9. O-O Qe8 10. f4 Rb8 11. h3 b6 12. Rb1 Bb7 13. Ba3 e4 14. d4 Nd7 15. c5 dxc5 16. dxc5 Nxc5 17. Bxc5 bxc5 18. Qd5+ Qf7 19. Qxc5 Qxa2 20. Rfe1 Ba6 21.
Rxb8 Nxb8 22. Bf1 Qd2 23. Kf2 Bd3 24. Qxa7 Nd7 25. Qxc7 Nf6 26. Qa5 Nh5 27. Ra1 Bxe2 28.
Bxe2 Nxg3 29. Qa2+ Qxa2 30. Rxa2 Nxe2 31. Kxe2 Rc8 32.
Kd2 Kf7 33. Ra6 Rc7 34. Rd6 Ke7 35. Ra6 g6 36. Kc2 Rd7 37. h4 Rd3 38. Ra7+ Kd6 39. Rxh7 Rxe3 40. Rg7 Rf3 41. Rxg6+ Kc5 42. h5 Rxf4 43.
h6 Rh4 44. Rf6 f4 45. h7 e3 46. Rf5+ Kc4 47. Rxf4+ Rxf4 48. h8=Q Rf2+ 49. Kd1 Rf3 50.
Qd4+ Kb3 51. Ke2 Rg3 52. Qb4+ Kc2 53. c4 Rh3 54. c5 Rh5 55. Qb5 Rh8 56. c6 Re8 57.
Qb6 Re6 58. Qb7 Rf6 59. c7 Rf2+ 60. Kxe3 Rf1 61. c8=Q+ Kd1 62. Qbd7+ Ke1 63. Qd2# 1-0

[Event "*** Titled Tuesday Blitz"]
[Site "Chess.com"]
[Date "2019.02.05"]
[Round "5"]
[White "Shant_Sargsyan"]
[Black "nailbeshirli"]
[Result "1-0"]
[WhiteElo "2816"]
[BlackElo "2678"]
[TimeControl "180+2"]
[EndTime "14:09:23 PST"]
[Termination "Shant_Sargsyan won by resignation"]

1. d4 Nf6 2. Nf3 e6 3. c4 Bb4+ 4. Bd2 Bxd2+ 5. Qxd2 d5 6. Nc3 O-O 7. e3 c6 8. Rc1 Nbd7 9. Bd3 b6 10. cxd5 exd5 11. O-O Bb7 12. Qe2 a5 13. Qc2 Qe7 14. Rfe1 c5 15. dxc5 bxc5 16. Bf5 Rfe8 17. Na4 Rac8 18.
Qc3 Bc6 19. Qa3 Bxa4 20. Qxa4 c4 21. Nd4 g6 22. Bxd7 Qxd7 23. Qxa5 Ra8 24. Qb6 Qe7 25.
b3 Reb8 26. Qc6 Rxa2 27. bxc4 Ng4 28. Rf1 Rd2 29. cxd5 Rxf2 30. Qc3 Rxf1+ 31. Rxf1 Qxe3+ 32. Qxe3 Nxe3 33. Re1 Nxd5 34. Nc6 Rc8 35. Nd4 Rd8 36. Nf3 Kg7 37. Rd1 Rd7 38. Ne5 Rd6 39. h3 Kf6 40.
Ng4+ Ke7 41. Re1+ Re6 42. Ra1 Nf4 43. Ra7+ Kf8 44. Nh6 Re7 45. Ra4 Ne6 46. Ng4 Kg7 47. Kh2 Ng5 48. Rf4 f5 49. Nf2 Re2 50. Kg1 Re1+ 51.
Kh2 Re2 52. Kg1 Re1+ 53. Kh2 Ne6 54. Ra4 Re2 55. Nd3 Rd2 56. Ne5 Nf4 57. Rxf4 Kf6 58.
Nf3 Re2 59. Ra4 h6 60. Ra6+ Kf7 61. Nh4 f4 62. Rxg6 f3 63. Rg3 f2 64. Rf3+ Ke6 65. Kg3 Re4 66. Rxf2 h5 67. Rf3 Ke5 68. Ng6+ Kd4 69.
Nf4 h4+ 70. Kxh4 Re8 71. Kg3 Rh8 72. Kf2 Rg8 73. Ne2+ Ke4 74. Ng3+ Ke5 75. Kg1 Ke6 76. Kh2 Ra8 77. Ne4 Ra4 78. Ng5+ Kd6 79. Kg3 Ke5 80. h4 Ra7 81. Kh3 Rg7 1-0

[Event "*** Titled Tuesday Blitz"]
[Site "Chess.com"]
[Date "2019.02.05"]
[Round "5"]
[White "Shukh_Nikolay"]
[Black "EugeneRougon"]
[Result "0-1"]
[WhiteElo "2360"]
[BlackElo "2574"]
[TimeControl "180+2"]
[EndTime "14:09:23 PST"]
[Termination "EugeneRougon won by resignation"]

1. Nf3 d5 2. c4 c6 3. b3 Nf6 4. Bb2 Bf5 5. e3 e6 6. d3 Bb4+ 7.
Nc3 O-O 8. Be2 Qa5 9. Qc1 dxc4 10. bxc4 Rd8 11. e4 Bxe4 12. a3 Bc5 13. dxe4 Nxe4 14.
O-O Nxf2 15. Rxf2 Qb6 16. Ne4 Bxf2+ 17. Nxf2 f6 18. Rb1 Qc7 19. Qe3 e5 20. Nh4 Nd7 21.
Nf5 Nf8 22. Ne4 b6 23. Qg3 Kh8 24. h4 Ne6 25. h5 Nf4 26. Bf3 Qd7 27. Qg4 Rf8 28. Rd1 Qf7 29. Ned6 Qc7 30. Bxc6 Rad8 31. Be4 Rd7 32. Kh2 g6 33. hxg6 hxg6 34. Qh4+ Rh7 35. Nh6 Qg7 36. Kg1 Rxh6 37. Qg4 Qh7 38. Kf2 Rh4 39. Qg3 Qh5 40. Rd2 Rg4 41. Qf3 Qh4+ 42. g3 Qh2+ 43. Ke1 Qg1+ 44. Qf1 Qxg3+ 45. Kd1 Kg7 46.
Nb5 Rf7 47. Nd6 Nh3 48. Nxf7 Nf2+ 49. Kc1 Rxe4 50. Rxf2 Qe3+ 51. Kb1 Qe1+ 52. Ka2 Qxf1 53. Rxf1 Kxf7 54. Kb3 g5 55. a4 g4 56. Bc3 Ke6 57. a5 f5 58. a6 g3 59. Bb4 f4 60. Rd1 f3 61. Rd6+ Kf5 62. Rd7 f2 63. Rf7+ Kg4 64.
Bd6 Rf4 65. Rg7+ Kf3 66. Bxe5 f1=Q 67. Bxf4 Qd3+ 68. Kb4 Kxf4 69. Rxa7 g2 70. Rf7+ Ke5 71. a7 g1=Q 72. Kb5 Qc5+ 73. Ka6 Qdxc4+ 74. Kb7 Qxf7+ 0-1

[Event "*** Titled Tuesday Blitz"]
[Site "Chess.com"]
[Date "2019.02.05"]
[Round "5"]
[White "Denis_Makhnyov"]
[Black "WhiteKnight2612"]
[Result "0-1"]
[WhiteElo "2670"]
[BlackElo "2570"]
[TimeControl "180+2"]
[EndTime "14:10:05 PST"]
[Termination "WhiteKnight2612 won by checkmate"]

1. d4 Nf6 2. c4 e6 3. g3 d5 4.
Bg2 Be7 5. Nf3 O-O 6. O-O b6 7. Qc2 Bb7 8. Ne5 Nbd7 9. Nc3 c5 10. Nxd7 Qxd7 11. dxc5 d4 12. Ne4 bxc5 13. Nxf6+ Bxf6 14. Bxb7 Qxb7 15. Rb1 a5 16. e4 e5 17. a4 Qd7 18. Rd1 Rfd8 19. Rd3 Qc6 20. f3 Rd7 21. b3 Bd8 22. Bd2 Bb6 23. Kg2 Rad8 24. Re1 f6 25.
Qd1 Rb7 26. h4 Bc7 27. Qe2 Rdb8 28. Rb1 h6 29. Kh2 Qd7 30. Qg2 Kf7 31. h5 Ke7 32. Qh3 Qe6 33. Qh4 Bd8 34. Kg2 Kd7 35. Qh1 Kc6 36.
Kf2 Kb6 37. Ke2 Ka6 38. Kd1 f5 39. Qh3 Rf7 40. Kc2 Qd7 41. Re1 Bc7 42. exf5 Rxf5 43. Re4 Rbf8 44. g4 R5f7 45. Kd1 Qc6 46. Ke2 Rf6 47.
Be1 Rf4 48. Rxf4 Rxf4 49. Kd1 e4 50. fxe4 Qxe4 51. Bd2 Rf2 52. g5 Kb7 53. g6 Qe2+ 54.
Kc2 Bf4 55. Qd7+ Kb8 56. Qb5+ Ka8 57. Qxa5+ Kb8 58. Qb6+ Ka8 59. Qd8+ Ka7 60. Qd7+ Ka8 61. Qc6+ Kb8 62. Qb5+ Ka8 63. Qxc5 Bxd2 64. Qc8+ Ka7 65. Qc7+ Ka8 66. Qc8+ Ka7 67. Qc7+ Ka8 68. Qc8+ Ka7 69. Qd7+ Ka8 70. Qd8+ Kb7 71. Qd5+ Kb8 72. Qd6+ Kb7 73.
Qd5+ Kb8 74. Qb5+ Ka8 75. Qc6+ Ka7 76. Qd7+ Kb8 77. Qd8+ Kb7 78. Qd5+ Kb8 79. Qg8+ Ka7 80. Qxg7+ Ka6 81. Qf6+ Rxf6 82. Rxd2 Qe4+ 83. Kb2 d3 84. Ka3 Qe3 85. Kb4 Qxd2+ 86. Kc5 Qg5+ 87. Kb4 d2 88. c5 d1=Q 89. Ka3 Qa1+ 90. Kb4 Qd2+ 91. Kc4 Qac3# 0-1

[Event "*** Titled Tuesday Blitz"]
[Site "Chess.com"]
[Date "2019.02.05"]
[Round "5"]
[White "NikolasTheiss"]
[Black "Vulcanochess"]
[Result "1-0"]
[WhiteElo "2207"]
[BlackElo "2293"]
[TimeControl "180+2"]
[EndTime "14:10:23 PST"]
[Termination "NikolasTheiss won by checkmate"]

1. e4 c5 2. Nc3 Nc6 3. f4 e6 4. Nf3 a6 5. g3 d5 6. d3 dxe4 7. dxe4 Qxd1+ 8. Nxd1 Nf6 9. Nf2 b6 10. c3 Bb7 11. Bd3 Be7 12. O-O O-O-O 13. Bc2 h6 14. Be3 Rd7 15. Rfd1 Rhd8 16. Kf1 Na5 17. b3 Nc6 18.
Ke2 a5 19. Rxd7 Rxd7 20. Rd1 Ba6+ 21. c4 Nb4 22. Bb1 a4 23. Ne5 Rxd1 24. Kxd1 Nd7 25. Nxf7 Nc6 26. Nh8 Nf8 27. e5 Nb4 28. Bd2 a3 29.
Bxb4 cxb4 30. Ng6 Nxg6 31. Bxg6 Bb7 32. Be4 Ba6 33. Kc2 b5 34. cxb5 Bxb5 35. Bd3 Bc6 36.
Bc4 Kd7 37. Nd3 g5 38. Kd2 Be4 39. Nf2 Bb1 40. Nd3 Bxa2 41. Kc2 gxf4 42. gxf4 h5 43.
Nc1 Bc5 44. Nxa2 Be3 45. Nxb4 Bxf4 46. Nd3 Bxh2 47. Nc5+ Kc6 48. Nxe6 Bxe5 49. b4 h4 50. Ng5 Bd4 51. Kb3 Bb2 52. Bf1 Kd6 53. Nf3 Kc6 54. Nxh4 Kb6 55. Nf3 Bc1 56. Nd4 Be3 57. Nc2 Bd2 58. Nxa3 Be1 59. Nc4+ Kb7 60. Bg2+ Kc7 61. Ka4 Bxb4 62. Kxb4 Kd7 63. Kc5 Ke6 64. Bd5+ Kf5 65. Kd4 Kf4 66. Be4 Kg5 67. Ke5 Kh6 68.
Kf4 Kh5 69. Ne5 Kh6 70. Bf3 Kg7 71. Kg5 Kh7 72. Kf6 Kh6 73. Nf7+ Kh7 74. Be4+ Kg8 75.
Bd3 Kf8 76. Bh7 Ke8 77. Ne5 Kd8 78. Ke6 Kc7 79. Nd7 Kc6 80. Bd3 Kb7 81. Bb5 Kc7 82.
Ke7 Kc8 83. Kd6 Kd8 84. Nc5 Kc8 85. Ba4 Kd8 86. Nb7+ Kc8 87. Kc6 Kb8 88. Kb6 Kc8 89. Bb5 Kb8 90. Bd7 Ka8 91. Nc5 Kb8 92. Na6+ Ka8 93.
Bc6# 1-0

[Event "*** Titled Tuesday Blitz"]
[Site "Chess.com"]
[Date "2019.02.05"]
[Round "5"]
[White "SantoBlue"]
[Black "Gabrielian_Artur"]
[Result "1/2-1/2"]
[WhiteElo "2728"]
[BlackElo "2736"]
[TimeControl "180+2"]
[EndTime "14:11:03 PST"]
[Termination "Game drawn by stalemate"]

1. Nf3 c5 2. g3 Nc6 3. Bg2 g6 4. O-O Bg7 5. e4 d6 6. d3 Nf6 7. Nbd2 O-O 8. c3 Rb8 9. a4 a6 10. Re1 b5 11. axb5 axb5 12. Nf1 e5 13.
Ne3 h6 14. h3 Be6 15. Nc2 Qd7 16. Kh2 b4 17. c4 Ra8 18. Bd2 Nh7 19. Rxa8 Rxa8 20.
Ne3 Nf6 21. Nd5 Bxd5 22. cxd5 Ne7 23. Be3 Ne8 24. Nd2 f5 25. Nc4 Rb8 26. f4 exf4 27.
gxf4 fxe4 28. dxe4 b3 29. e5 Rb4 30. Nxd6 Nxd6 31. exd6 Qxd6 32. Qc1 Bd4 33. Kh1 Nf5 34. Bd2 Rb8 35. Re6 Qf8 36. Rxg6+ Kh8 37. Bc3 Re8 38. Bxd4+ cxd4 39. Qc7 Qe7 40. d6 Qxc7 41. dxc7 d3 42. Re6 Rc8 43. Re5 Ng3+ 44. Kh2 Ne2 45. Bf3 Rxc7 46. Bxe2 Rc2 47. Kg3 Rxe2 48. Rd5 Rxb2 49.
Rxd3 Rb1 50. Kg2 Kg7 51. Rd6 Rc1 52. Rb6 Rc3 53. h4 h5 54. Kh2 Kf7 55. Kg2 Ke7 56.
Kf2 Kd7 57. Rb5 Kc6 58. Rb8 Kd5 59. f5 Ke5 60. Rb5+ Kf6 61. Kg2 Re3 62. Kh2 Re2+ 63. Kg3 b2 64. Kf3 Rh2 65. Kg3 Rc2 66. Kf3 Rc3+ 67. Kf2 Rh3 68. Kg2 Rxh4 69. Rxb2 Kxf5 70. Rb8 Rc4 71. Kh2 Kg4 72. Rg8+ Kh4 73. Kh1 Kh3 74. Rg1 h4 75. Ra1 Rc3 76. Kg1 Kg3 77. Kh1 h3 78. Rg1+ Kf2 79. Ra1 Re3 80.
Kh2 Re1 81. Ra8 Re2 82. Ra3 Re3 83. Ra7 Rf3 84. Re7 Kf1 85. Rg7 Kf2 86. Rg1 Re3 87.
Ra1 Re1 88. Ra2+ Re2 89. Ra7 Re3 90. Ra8 Rf3 91. Ra7 Kf1 92. Ra2 Rf2+ 93. Kh1 Rg2 94. Rd2 Rg1+ 95. Kh2 Rg2+ 96. Kh1 Rxd2 1/2-1/2

[Event "*** Titled Tuesday Blitz"]
[Site "Chess.com"]
[Date "2019.02.05"]
[Round "5"]
[White "sergoy"]
[Black "Kouzari"]
[Result "1/2-1/2"]
[WhiteElo "2801"]
[BlackElo "2626"]
[TimeControl "180+2"]
[EndTime "14:11:17 PST"]
[Termination "Game drawn by stalemate"]

1. d4 Nf6 2. c4 e6 3. Nf3 c5 4.
d5 exd5 5. cxd5 d6 6. Nc3 g6 7. e4 Bg7 8. h3 O-O 9. Bd3 b5 10.
Nxb5 Re8 11. O-O Nxe4 12. Re1 a6 13. Na3 Nf6 14. Rxe8+ Nxe8 15. Nc4 Nd7 16. Bg5 Qc7 17. Rb1 Bb7 18. Ne3 Nef6 19. Bf4 Re8 20. Bh2 Nxd5 21. Nxd5 Bxd5 22. Bxa6 Bxa2 23. Ra1 Be6 24. Ng5 Be5 25. Bxe5 Nxe5 26. Ne4 Rd8 27. f4 Nc6 28. Ng5 Nd4 29.
Bd3 d5 30. Qd2 Bf5 31. Bxf5 Nxf5 32. Nf3 d4 33. Ne5 Ne3 34. Ra6 Rb8 35. Qf2 Qb7 36. Ra2 Qd5 37. Ra7 Rb7 38. Ra6 c4 39. Ng4 Nxg4 40.
hxg4 Rb8 41. f5 d3 42. Qf4 Re8 43. f6 Qc5+ 44. Kh2 g5 45. Qg3 Qd4 46. Rd6 Qf4 47. Qxf4 gxf4 48. Rd4 Rc8 49. Kg1 h6 50. Kf2 Kh7 51.
Kf3 Kg6 52. Kxf4 Kxf6 53. Kf3 Kg6 54. g3 Kg5 55. Rd5+ Kg6 56. Ke3 Re8+ 57. Kd4 Re2 58. Kxc4 Rxb2 59. Kxd3 Rb3+ 60. Ke4 Rxg3 61. Kf4 Rc3 62.
Rd6+ f6 63. Rb6 Rc4+ 64. Kg3 Rc5 65. Rb8 Rc3+ 66. Kf4 Rc4+ 67. Kg3 Rc7 68. Rg8+ Rg7 69. Rb8 Kh7 70. Kf4 Rc7 71. Rb6 Kg7 72. Kf5 Rc5+ 73. Kf4 Kg6 74. Rb8 h5 75. gxh5+ Rxh5 76. Kf3 Rf5+ 77.
Kg2 Rf4 78. Kg3 Rf1 79. Rb5 f5 80. Kg2 Rf4 81. Kg3 Rc4 82. Kf3 Kg5 83. Rb3 Rc2 84.
Kg3 Rc4 85. Kf3 Rh4 86. Kg3 Rg4+ 87. Kf3 Kh4 88. Rb5 Kg5 89. Rb8 Rf4+ 90. Kg3 Re4 91. Rg8+ Kf6 92. Kf3 Re7 93. Rf8+ Ke5 94. Ra8 Re6 95.
Ra5+ Kf6 96. Ra8 Rb6 97. Rf8+ Kg6 98. Rg8+ Kf7 99. Ra8 Rb4 100. Ra6 Re4 101. Rb6 Re6 102. Rxe6 Kxe6 103. Kf4 Kf6 104. Kf3 Ke5 105. Ke3 f4+ 106. Kf3 Kf5 107. Kf2 Ke4 108. Ke2 f3+ 109. Kf2 Kf4 110. Kf1 Kg3 111. Kg1 f2+ 112. Kf1 Kf3 1/2-1/2

[Event "*** Titled Tuesday Blitz"]
[Site "Chess.com"]
[Date "2019.02.05"]
[Round "5"]
[White "Grieve72"]
[Black "HindsightIs2700"]
[Result "0-1"]
[WhiteElo "2320"]
[BlackElo "2267"]
[TimeControl "180+2"]
[EndTime "14:11:20 PST"]
[Termination "HindsightIs2700 won by resignation"]

1. d4 Nf6 2. Bg5 d5 3. Bxf6 gxf6 4. c4 e5 5. Nf3 e4 6. Nfd2 c6 7. e3 Be6 8. Qb3 Qb6 9. c5 Qxb3 10. axb3 Nd7 11.
b4 b6 12. Nc3 Be7 13. h4 O-O 14. Kd1 a5 15. bxa5 bxc5 16. Be2 cxd4 17. exd4 Rfb8 18.
Kc1 f5 19. g3 Bf6 20. Ra4 c5 21. dxc5 Nxc5 22. Ra3 d4 23. Nd1 d3 24. Bh5 Nb3+ 25. Nxb3 Bxb3 26. Ne3 Be6 27. Nd1 Rc8+ 28. Kb1 d2 29.
Nc3 Rab8 30. Kc2 Rd8 31. Rd1 Bxc3 32. Rxc3 Rd5 33. Rxd2 Rxa5 34. Be2 Ra2 35. Kb1 Ra7 36. Bc4 Rc7 37. Rd4 Rcb7 38. b3 Bxc4 39. Rdxc4 Rxb3+ 40. Rxb3 Rxb3+ 41. Kc2 Rf3 42. Kd2 Rxf2+ 43. Ke1 Rf3 44. g4 Re3+ 45. Kf2 f4 46. h5 Rg3 47. h6 Kf8 48.
Rxe4 Rxg4 49. Kf3 Rh4 50. Re5 Rxh6 51. Kxf4 Kg7 52. Rg5+ Rg6 53. Ra5 h6 54. Rb5 Rc6 55. Kf5 Ra6 56. Rc5 Ra1 57. Kg4 Rg1+ 58. Kh5 Rg6 59. Ra5 Re6 60. Rf5 Re1 61. Ra5 Rh1+ 62. Kg4 Kg6 63. Ra6+ f6 64. Ra8 Rg1+ 65. Kh4 Rh1+ 66. Kg4 Rb1 67. Rg8+ Kf7 68. Rh8 Kg7 69. Ra8 Rb4+ 70. Kh5 Rb5+ 71. Kg4 Rg5+ 72. Kh4 Kg6 73. Rg8+ Kf5 74. Rh8 h5 75. Ra8 Rg1 76. Ra5+ Kg6 77. Ra8 Rg4+ 78. Kh3 Kg5 79. Rg8+ Kf4 80. Rh8 Rg5 81. Kh4 Rg1 82. Kh3 Rh1+ 83. Kg2 Rh4 84. Ra8 f5 85. Ra4+ Kg5 86. Ra8 Rg4+ 87. Kh3 Rh4+ 88.
Kg3 f4+ 89. Kf3 Rh3+ 90. Kg2 Rg3+ 91. Kh2 Kg4 92. Ra5 h4 93. Ra4 Rb3 94. Ra2 Re3 95. Rb2 h3 96. Ra2 Re1 97. Rb2 Kf3 98. Rb3+ Re3 99. Rb8 Kf2 100. Rf8 f3 101. Kxh3 Kf1 102. Kg4 f2 103. Rf7 Ke2 104. Rxf2+ Kxf2 0-1

[Event "*** Titled Tuesday Blitz"]
[Site "Chess.com"]
[Date "2019.02.05"]
[Round "5"]
[White "HajiyevKanan"]
[Black "kintoho"]
[Result "0-1"]
[WhiteElo "2345"]
[BlackElo "2486"]
[TimeControl "180+2"]
[EndTime "14:11:28 PST"]
[Termination "kintoho won by resignation"]

1. d4 g6 2. Nf3 Bg7 3. g3 d5 4.
Bg2 Nf6 5. O-O c6 6. c4 O-O 7. b3 a5 8. Nc3 Ne4 9. Bb2 Bf5 10. e3 Nxc3 11. Bxc3 Be4 12. Qd2 Nd7 13. Rfd1 e6 14.
Rac1 a4 15. Bb4 Re8 16. Bd6 axb3 17. axb3 Qb6 18. Ng5 Bxg2 19. Kxg2 Ra7 20. Qb4 Qxb4 21. Bxb4 Rea8 22. Rd2 h6 23. Nf3 Nf6 24. Rdc2 Ne4 25. Nd2 f5 26. f3 Nf6 27. h3 h5 28. Kf2 Ra6 29. Bc5 Nd7 30. Bd6 Kf7 31. b4 dxc4 32.
Nxc4 Ra2 33. Ke2 Rxc2+ 34. Rxc2 Ra1 35. h4 Nf6 36. Ne5+ Ke8 37. b5 Bf8 38. Bxf8 Kxf8 39.
bxc6 bxc6 40. Nxc6 Nd7 41. Ne5 Nxe5 42. dxe5 Ra5 43. f4 Kf7 44. Kf3 Kf8 45. Rc7 Ra1 46. Rb7 Rc1 47. Ke2 Rh1 48. Kf2 Rh2+ 49. Kf3 Ra2 50.
Rb6 Ke7 51. Rb7+ Kf8 52. Rc7 Ra6 53. Rd7 Rb6 54. Rd6 Rb1 55. Rxe6 Kf7 56. Rf6+ Kg7 57. Rd6 Rf1+ 58. Ke2 Ra1 59. Rd7+ Kf8 60. Rb7 Ra2+ 61. Kf3 Ra1 62. Rb6 Kf7 63. Rf6+ Kg7 64. Rc6 Kf7 65. Rc7+ Kf8 66. Rc3 Kf7 67. e4 fxe4+ 68. Kxe4 Ra4+ 69. Kd5 Ra5+ 70. Rc5 Ra3 71. Rc7+ Kf8 72. Ke6 Ra6+ 73. Kd5 Ra5+ 74. Ke4 Ra4+ 75. Kf3 Ra3+ 76. Kg2 Ra2+ 77. Kh3 Ra3 78. Rb7 Rc3 79. Rb2 Kf7 80. Kg2 Ke6 81. Kf2 Kf5 82. Rb6 Rc2+ 83. Kf3 Rc3+ 84. Kg2 Rc2+ 85.
Kh3 Ke4 86. e6 Kf5 87. e7 Re2 88. Rb7 Kf6 89. Ra7 Kf7 90. e8=Q+ Kxe8 91. Rg7 Re6 92. g4 Kf8 93. Ra7 Re3+ 94. Kg2 hxg4 95. Rb7 Rf3 96. Rb6 Kg7 97. Rb4 Kh6 98. Rd4 Kh5 99. Rd7 Kh6 100. Rd4 Ra3 101. Rc4 Rh3 102. Rc6 Rf3 103. Rc4 Kg7 104. Rc7+ Kf6 105. Rc4 Kf5 106. Rc5+ Kxf4 107. Rg5 Ra3 108. Rxg6 Ra2+ 109. Kg1 Kg3 110. Kf1 Ra1+ 111. Ke2 Kxh4 112. Rh6+ Kg3 113. Rb6 Kg2 114. Rb2 g3 115. Ke3+ Kh3 116. Rb8 g2 117. Rh8+ Kg3 118. Rg8+ Kh2 119. Rh8+ Kg1 120. Kf3 Kf1 0-1